 Dungeon Crawl Stone Soup version 0.29.1-13-g9f3cf754e1 (webtiles) character file.

Game seed: 15281196458272571251

0 Ast3rio the Vexing (level 1, 14/14 HPs)
             Began as a Vampire Arcane Marksman on Feb 8, 2023.
             Quit the game on level 1 of the Dungeon.
             The game lasted 00:01:29 (60 turns).

Ast3rio the Vexing (Vampire Arcane Marksman)          Turns: 60, Time: 00:01:29

Health: 14/14      AC:  2    Str:  9    XL:     1   Next: 8%
Magic:  2/2        EV: 12    Int: 15    God:
Gold:   0          SH:  0    Dex: 14    Spells: 1/2 levels left

rFire   . . .      SeeInvis +   a - +1 sling
rCold   . . .      Faith    .   (no shield)
rNeg    . . .      Spirit   .   c - +0 robe
rPois   .          Reflect  .   (no helmet)
rElec   .          Harm     .   (no cloak)
rCorr   .          Rampage  .   (no gloves)
Will    .....                   (no boots)
Stlth   +.........              (no amulet)
HPRegen 0.24/turn               (no ring)
MPRegen 0.08/turn               (no ring)

@: healing quickly
A: alive, fangs 3, see invisible, vampiric 1
a: Exsanguinate


You were on level 1 of the Dungeon.
You visited 1 branch of the dungeon, and saw 1 of its levels.

Inventory:

Hand Weapons
 a - a +1 sling (weapon)
Armour
 c - a +0 robe (worn)
Scrolls
 b - a scroll of poison


   Skills:
 + Level 0.8 Fighting
 + Level 1.5 Ranged Weapons
 + Level 2.1 Dodging
 + Level 1.0 Spellcasting
 + Level 4.4 Hexes


You had one spell level left.
You knew the following spells:

 Your Spells              Type           Power      Damage    Failure   Level
a - Slow                  Hex            56%        N/A       4%          1

Your spell library contained the following spells:

 Spells                   Type           Power      Damage    Failure   Level
 Inner Flame              Hex/Fire       7%         N/A       30%         3
 Portal Projectile        Hex/Tloc       14%        N/A       30%         3
 Cause Fear               Hex            7%         N/A       36%         4


Dungeon Overview and Level Annotations

Branches:
Dungeon (1/15)

Altars:


Innate Abilities, Weirdness & Mutations

Your natural rate of healing is accelerated.
You have razor-sharp teeth.
You have supernaturally acute eyesight. (SInv)
You are afflicted with vampirism.


Message History

You clumsily bash the bat but do no damage.
The bat hits you but does no damage. The bat hits you but does no damage.
The bat misses you.
You clumsily bash the bat but do no damage.
The bat barely misses you. The bat barely misses you.
You clumsily bash the bat but do no damage.
The bat misses you. The bat closely misses you.
You miss the bat. The bat misses you. The bat barely misses you.
You clumsily bash the bat but do no damage.
The bat misses you. The bat barely misses you.
You clumsily bash the bat but do no damage.
The bat hits you. The bat misses you.
You miss the bat. The bat hits you but does no damage.
You barely miss the bat. The bat closely misses you.
You clumsily bash the bat but do no damage.
The bat hits you but does no damage. The bat barely misses you.
You closely miss the bat. The bat closely misses you. The bat hits you.
You clumsily bash the bat but do no damage.
The bat barely misses you. x2
The bat hits you. The bat hits you but does no damage.
The bat hits you but does no damage. The bat barely misses you.
The bat closely misses you.
You miss the bat. The bat hits you but does no damage. The bat misses you.
You barely miss the bat. The bat barely misses you.
You clumsily bash the bat but do no damage.
Your bite misses the bat. The bat barely misses you. The bat barely misses you.
The bat hits you.
You clumsily bash the bat but do no damage.
The bat hits you but does no damage.
You clumsily bash the bat but do no damage.
You bite the bat.
You kill the bat!
Are you sure you want to abandon this character and quit the game? (Confirm with "yes".)

...### .#... ...
##.# #..# #.##
######### #.#
##......)##
#.####.........##
#@..#.....8.....#.
###....8..8..8....
#.#...........#
#.##....<....##
#.###.......##
#.###########
#....# ####.# #.#


There were no monsters in sight!

Vanquished Creatures
  A bat (D:1)
1 creature vanquished.

Notes
Turn   | Place    | Note
-------+----------+-------------------------------------------
     0 | D:1      | Ast3rio the Vampire Arcane Marksman began the quest for the
                  | Orb.
     0 | D:1      | Reached XP level 1. HP: 14/14 MP: 2/2
    60 | D:1      | Quit the game

Illustrated notes

Levels and vault maps discovered:
D:1:      dreamdust_arrival_beginning_and_end, layout_basic,
          ebering_ecumenical_altar_petrified

Action                   || total
-------------------------++-------
Melee: Sling             ||    16
       Bite              ||     1
 Cast: Slow              ||     2
Armor: Robe              ||     9
Dodge: Dodged            ||    23
